 Dungeon Crawl Stone Soup version 0.27.0-1-g7a089689b8 (webtiles) character file.

Game seed: 918709357278004214

3336 Almightybob the Basher (level 9, -5/184 HPs)
             Began as a Minotaur Berserker on Aug 15, 2021.
             Was a Priest of Trog.
             Slain by a yak (8 damage)
             ... on level 7 of the Dungeon.
             The game lasted 00:14:31 (9466 turns).

Almightybob the Basher (Minotaur Berserker)         Turns: 9466, Time: 00:14:31

Health: -5/184     AC: 24    Str: 24    XL:     9   Next: 72%
Magic:  8/8        EV:  2    Int:  5    God:    Trog [***...]
Gold:   377        SH:  0    Dex: 10    Spells: 8/8 levels left

rFire    . . .     SeeInvis +   a - +4 flail (vorpal)
rCold    . . .     Faith    .   (no shield)
rNeg     + + +     Spirit   .   (armour currently unavailable)
rPois    +         Reflect  .   (helmet currently unavailable)
rElec    .         Harm     .   (cloak currently unavailable)
rCorr    .         Rampage  .   (gloves currently unavailable)
Will     +++..     NoTele   +   (boots currently unavailable)
Stlth    ..........             x - amulet of the acrobat
HPRegen  1.40/turn              g - ring of willpower
MPRegen  0.11/turn              p - ring of see invisible

@: berserking, lethally poisoned (-5 -> -7), tree-form, strong-willed,
regenerating, very quick
A: stationary, stasis, torment immunity, boosted hp, (horns 2), (retaliatory
headbutt)
a: Renounce Religion, Berserk, Trog's Hand


You were on level 7 of the Dungeon.
You worshipped Trog.
Trog was most pleased with you.
You were a tree.
You visited 1 branch of the dungeon, and saw 8 of its levels.

You collected 377 gold pieces.

Inventory:

Hand Weapons
 a - a +4 vorpal flail (weapon)
 J - a +0 demon trident
Missiles
 h - 231 stones
 i - 6 poisoned darts (quivered)
 v - 3 boomerangs
 B - 3 atropa-tipped darts
 H - a throwing net
Armour
 q - a +0 plate armour (melded)
Jewellery
 g - a ring of willpower (left branch)
 p - a ring of see invisible (right branch)
 x - an amulet of the acrobat (around neck)
 G - a ring of resist corrosion
 K - an amulet of guardian spirit
Wands
 k - a wand of digging (6)
 r - a wand of polymorph (21)
 u - a wand of flame (18)
Scrolls
 b - a scroll of fog {unknown}
 c - 2 scrolls of teleportation
 d - 2 scrolls of vulnerability {unknown}
 s - a scroll of noise {unknown}
 w - 2 scrolls of immolation {unknown}
 y - 2 scrolls of enchant armour {unknown}
 A - a scroll of blinking {unknown}
 F - a scroll of enchant weapon {unknown}
 I - a scroll of brand weapon {unknown}
Potions
 e - 3 potions of flight {unknown}
 f - 2 potions of cancellation
 j - 4 potions of lignification
 m - a potion of berserk rage {unknown}
 n - 2 potions of brilliance
 o - a potion of curing {unknown}
 t - a potion of haste {unknown}
 z - a potion of degeneration {unknown}
 C - a potion of magic {unknown}
 D - a potion of mutation {unknown}
 E - a potion of heal wounds {unknown}


   Skills:
 + Level 8.6 Fighting
 * Level 11.4 Maces & Flails
 + Level 8.2 Armour
 - Level 5.3 Dodging


You had 8 spell levels left.
You didn't know any spells.
Your spell library was empty.

Dungeon Overview and Level Annotations

Branches:
Dungeon (8/15)             Temple (0/1) D:6
   Lair: D:8-11

Altars:
Fedhas
Okawaru
Ru
Trog
Wu Jian
Zin

Shops:
D:2 [[*


Innate Abilities, Weirdness & Mutations

You are a tree.
Your roots penetrate the ground, keeping you stationary.
You cannot be teleported.
You are immune to unholy pain and torment.
Your maximum health is greatly increased.
Your equipment is partially melded.
((You have a pair of horns on your head.))
((You reflexively headbutt those who attack you in melee.))


Message History

Unknown command.
Unknown command.
Okay, then.
A red film seems to cover your vision as you go berserk!
You feel yourself moving faster!
You feel mighty!
You feel sick.
The hornet stings you but does no damage.
The orc wizard completely misses you. The yak gores you but does no damage.
The hornet stings you.
* * * LOW HITPOINT WARNING * * *
You are more poisoned.
The orc priest hits you but does no damage.
The yak gores you but does no damage. x2
You closely miss the orc priest.
You feel sick.
The hornet stings you but does no damage.
Unknown command.
You thump the orc priest!
The orc priest is almost dead.
You feel sick.
The orc wizard hits you but does no damage.
The yak gores you.
* * * LOW HITPOINT WARNING * * *
The orc priest mumbles some strange prayers to Beogh against you.
Beogh smites you!
* * * LOW HITPOINT WARNING * * *
The yak gores you.
* * * LOW HITPOINT WARNING * * *
The yak gores you but does no damage.
You sock the orc priest!
You kill the orc priest!
Trog accepts your kill.
You feel sick.
The hornet stings you but does no damage.
Unknown command.
Unknown command.
Unknown command.
You thump the hornet!
The hornet is severely wounded.
You feel sick. The orc wizard barely misses you.
The yak gores you but does no damage. The yak gores you!
You die...

.....###...###.## #.....###..##
...#.......###..# #.....##...#
......##....###.# #.....##.#.#
..###..#........# #........#.#
.<# ##.#........#####........#.#
..# #.......................#.#
..# ###.....##..#........####.#
..######...#...>Y#.##......##..#
...#.........##o♣y.#........#.##
.#.#...........YY).....#####..#
................######.# #.##
.#...........##.## ###.# ##.#
............###.)###...# ##..#
.#.........## ##.....#####..##
.##)[....### #....###....##
.##[.....# #....##..####
)[.[.###.# #.[..##.##


You could see 3 yaks, a hornet and an orc wizard.

Vanquished Creatures
  Maggie (D:6)
  Edmund (D:5)
  A water moccasin (D:7)
  2 ice beasts
  3 sky beasts (D:6)
  3 black bears
  A necrophage (D:5)
  2 ogres
  4 centaurs
  A wyvern zombie (D:7)
  2 scorpions
  A water moccasin zombie (D:5)
  A water moccasin skeleton (D:7)
  3 killer bees (D:8)
  9 wights
  A howler monkey (D:5)
  A centaur zombie (D:6)
  2 hounds
  A bullfrog zombie (D:7)
  3 orc priests
  A jelly (D:5)
  A bullfrog skeleton (D:3)
  2 iguanas
  4 orc wizards
  A killer bee zombie (D:7)
  A howler monkey zombie (D:6)
  Robin (D:4)
  8 gnolls
  5 adders
  2 ufetubi
  An adder skeleton (D:5)
  An adder zombie (D:5)
  4 worms
  A dart slug (D:3)
  21 orcs
  5 endoplasms
  5 giant cockroaches
  15 goblins
  9 hobgoblins
  6 jackals
  3 quokkas
  5 ball pythons
  A bat (D:1)
  7 frilled lizards
  7 kobolds
  9 rats
169 creatures vanquished.

Notes
Turn   | Place    | Note
-------+----------+-------------------------------------------
     0 | D:1      | Almightybob the Minotaur Berserker began the quest for the
                  | Orb.
     0 | D:1      | Reached XP level 1. HP: 19/19 MP: 0/0
    20 | D:1      | Reached skill level 4 in Maces & Flails
    20 | D:1      | Reached XP level 2. HP: 25/27 MP: 1/1
   789 | D:1      | Reached XP level 3. HP: 33/33 MP: 2/2
  1110 | D:2      | Found Ruuss's Antique Armour Boutique.
  1709 | D:2      | Found Extyaful's Antique Armour Boutique.
  1804 | D:2      | Found Mofyogh's General Store.
  2208 | D:2      | Reached XP level 4. HP: 24/40 MP: 3/3
  2474 | D:3      | Reached ** piety under Trog
  2518 | D:3      | Reached skill level 5 in Maces & Flails
  2820 | D:3      | Found a faded altar of an unknown god.
  2930 | D:3      | Reached XP level 5. HP: 47/47 MP: 4/4
  3346 | D:3      | Reached XP level 6. HP: 18/55 MP: 5/5
  3534 | D:4      | Reached skill level 6 in Maces & Flails
  3652 | D:4      | Reached skill level 5 in Fighting
  3879 | D:4      | Noticed Robin
  3934 | D:4      | Killed Robin
  4301 | D:4      | Found a glowing silver altar of Zin.
  4455 | D:4      | Found a bloodstained altar of Trog.
  4530 | D:4      | Reached XP level 7. HP: 42/61 MP: 6/6
  4549 | D:4      | Reached skill level 7 in Maces & Flails
  4587 | D:4      | Reached skill level 5 in Armour
  5062 | D:5      | Entered Level 5 of the Dungeon
  5293 | D:5      | Noticed Edmund
  5306 | D:5      | Killed Edmund
  5560 | D:5      | Reached skill level 5 in Dodging
  5560 | D:5      | Reached XP level 8. HP: 42/70 MP: 7/7
  5708 | D:5      | Reached skill level 8 in Maces & Flails
  6450 | D:5      | Reached skill level 9 in Maces & Flails
  6463 | D:5      | Reached *** piety under Trog
  7147 | D:6      | Noticed Maggie
  7171 | D:6      | Killed Maggie
  7172 | D:6      | Reached skill level 10 in Maces & Flails
  7172 | D:6      | Reached XP level 9. HP: 68/79 MP: 8/8
  7291 | D:6      | Found a sacrificial altar of Ru.
  7384 | D:6      | Found a staircase to the Ecumenical Temple.
  7669 | D:6      | Found an iron altar of Okawaru.
  8367 | D:7      | Reached skill level 11 in Maces & Flails
  8961 | D:7      | Found an ornate altar of the Wu Jian Council.
  8972 | D:7      | Found a blossoming altar of Fedhas.
  9464 | D:7      | HP: 4/184 [orc priest/divine providence (8)]
  9466 | D:7      | Slain by a yak

Illustrated notes

Levels and vault maps discovered:
D:1:      denvon_arrival_waterhouse, layout_basic,
          chequers_serial_rivers_small_3
D:2:      layout_basic, serial_shops, shop, nicolae_shop_stone, shop
D:3:      layout_rooms, shapermc_ecumenical_altar_flowoftime
D:4:      layout_loops_ring, kennysheep_mini_moat, lemuel_doored_altar,
          hangedman_minor_gate_pass, uniq_robin
D:5:      layout_layer_cave, uniq_edmund
D:6:      layout_basic, mainiacjoe_overflow_alcove_2,
          nicolae_ru_great_annihilating_truth,
          minmay_temple_entry_statues_fountains, uniq_maggie
D:7:      layout_rooms, amethyst_overflow_temple_binary
D:8:      layout_rooms, nicolae_yredelemnul_corpse_copse, marbit_many_paths,
          minmay_misc_feat_cross

Skill      XL: |  1  2  3  4  5  6  7  8  9 |
---------------+----------------------------+-----
Maces & Flails | 4 5 6 7 10 11 | 11.4
Fighting       | 4 5 6 7 8 |  8.6
Armour         | 3 4 5 7 8 |  8.2
Dodging        | 3 4 5 |  5.3

Action                   |  1- 3 |  4- 6 |  7- 9 || total
-------------------------+-------+-------+-------++-------
Melee: Mace              |    42 |       |       ||    42
       Headbutt          |    18 |    33 |    92 ||   143
       Whip              |    55 |   153 |   375 ||   583
       Flail             |       |       |    17 ||    17
Throw: Dart              |       |       |     6 ||     6
Invok: Trog's Hand       |       |     2 |     4 ||     6
       Berserk           |       |     1 |     3 ||     4
  Use: Scroll            |       |     3 |     2 ||     5
       Potion            |       |       |     1 ||     1
 Stab: Paralysed         |       |       |     1 ||     1
Armor: Animal skin       |     6 |       |       ||     6
       Scale mail        |    20 |     7 |       ||    27
       Plate armour      |       |    68 |   156 ||   224
       Skin              |       |       |    15 ||    15
Dodge: Dodged            |    52 |    60 |   151 ||   263
